 Dungeon Crawl Stone Soup version 0.27.0-1-g7a089689b8 (webtiles) character file.

Game seed: 5925483590868573204

1404 Spaninq the Grappler (level 8, -2/79 HPs)
             Began as a Troll Earth Elementalist on Aug 2, 2021.
             Slain by a water moccasin (5 damage)
             ... on level 2 of the Lair of Beasts.
             The game lasted 00:11:11 (3687 turns).

Spaninq the Grappler (Troll Earth Elementalist)     Turns: 3687, Time: 00:11:12

Health: -2/79      AC:  4    Str: 18    XL:     8   Next: 42%
Magic:  8/8        EV:  9    Int: 12    God:
Gold:   222        SH:  0    Dex: 10    Spells: 8/9 levels left

rFire    . . .     SeeInvis .     - Unarmed
rCold    . . .     Faith    .   (no shield)
rNeg     + . .     Spirit   .   b - +0 robe
rPois    .         Reflect  .   (helmet restricted)
rElec    .         Harm     .   k - scarf {shadows}
rCorr    .         Rampage  .   (gloves unavailable)
Will     .....                  (boots unavailable)
Stlth    +.........             (no amulet)
HPRegen  1.23/turn              h - ring of positive energy
MPRegen  0.11/turn              (no ring)

@: no status effects
A: large, unfitting armour, claws 3, regeneration 1, shaggy fur 1, tough skin 1
a: no special abilities


You were on level 2 of the Lair of Beasts.
You visited 2 branches of the dungeon, and saw 8 of its levels.

You collected 222 gold pieces.

Inventory:

Hand Weapons
 w - the +4 hunting sling "Tiqilu" {freeze, Dex+5}
   (You found it on level 5 of the Dungeon)

   Any ammunition fired from it freezes those it strikes, dealing additional
   cold damage.
   It can also slow down cold-blooded creatures.
   Dex:       It affects your dexterity (+5).
Missiles
 c - 164 stones
Armour
 b - a +0 robe (worn)
 k - a scarf of shadows (worn)
Jewellery
 h - a ring of positive energy (left claw)
 r - a ring of ice
Wands
 p - a wand of paralysis (8)
 u - a wand of digging (4)
 y - a wand of polymorph (5)
Scrolls
 e - a scroll of brand weapon
 m - a scroll of blinking {unknown}
 n - a scroll of noise {unknown}
 t - a scroll of vulnerability {unknown}
 x - a scroll of enchant armour {unknown}
Potions
 a - 2 potions of flight
 j - a potion of haste
 l - 2 potions of curing
 o - a potion of ambrosia
 q - a potion of resistance {unknown}
 s - a potion of cancellation {unknown}
 v - a potion of mutation {unknown}


   Skills:
 + Level 4.8 Fighting
 - Level 1.5 Dodging
 - Level 1.0 Stealth
 * Level 8.4 Unarmed Combat
 - Level 1.2 Spellcasting
 - Level 0.6 Transmutations
 - Level 2.6 Earth Magic


You had 8 spell levels left.
You knew the following spells:

 Your Spells              Type           Power      Damage    Failure   Level
a - Sandblast             Erth           14%        2d6       10%         1

Your spell library contained the following spells:

 Spells                   Type           Power      Damage    Failure   Level
 Passwall                 Tmut/Erth      3%         N/A       22%         2
 Animate Skeleton         Necr           0%         N/A       30%         1
 Pain                     Necr           0%         1d4       30%         1
 Stone Arrow              Conj/Erth      6%         3d7       45%         3
 Vampiric Draining        Necr           0%         2d6       65%         3
 Petrify                  Tmut/Erth      4%         N/A       83%         4


Dungeon Overview and Level Annotations

Branches:
Dungeon (8/15)               Lair (2/6) D:8
 Temple: D:4-7        Swamp: Lair:2-4    Shoals: Lair:2-4     Snake: Lair:2-4
 Spider: Lair:2-4

Altars:
Cheibriados
Fedhas
Qazlal
Wu Jian

Shops:
D:4 *   D:5 *


Innate Abilities, Weirdness & Mutations

You are too large for most types of armour.
You have claws for hands.
Your natural rate of healing is unusually fast.
You are covered in fur. (AC +1)
You have tough skin. (AC +1)


Message History

The water moccasin bites you.
You are more poisoned.
The water moccasin poisons you!
You closely miss the water moccasin.
You feel very sick. The water moccasin bites you. The wyvern bites you.
You claw the water moccasin!
The water moccasin is heavily wounded.
You feel very sick.
The water moccasin bites you but does no damage.
The wyvern bites you!
* * * LOW HITPOINT WARNING * * *
You feel very sick. The wyvern barely misses you.
You feel better. The wyvern bites you.
You completely miss the wyvern. The wyvern bites you.
The water moccasin bites you but does no damage.
You scratch the water moccasin.
The water moccasin is severely wounded.
The wyvern bites you!
* * * LOW HITPOINT WARNING * * *
The water moccasin barely misses you. The wyvern bites you.
* * * LOW HITPOINT WARNING * * *
You barely miss the water moccasin.
The water moccasin is severely wounded.
The water moccasin completely misses you.
The wyvern bites you.
* * * LOW HITPOINT WARNING * * *
You barely miss the water moccasin.
The water moccasin is severely wounded.
The water moccasin barely misses you. The wyvern barely misses you.
The water moccasin bites you but does no damage.
You completely miss the water moccasin.
The water moccasin is severely wounded.
The wyvern closely misses you. The water moccasin bites you!
* * * LOW HITPOINT WARNING * * *
You scratch the water moccasin.
The water moccasin is severely wounded.
The wyvern closely misses you. The water moccasin bites you.
You die...

,* ###.#.........** *,,,,,,,,,,
,* #.....#.P#..#..* *,,,.,,,,,,
,####.....#.....#..* **,,..,,,,,,
.#P#..##.......##.###*,,...,,,,,,
....[.........#...#.#*,....,,,,,*
......#.......#.....##.....,,,,,*
...PP##.!<..P.#.......#,,,,,,,,,,
..PP###.#.....#S#l##...>...,,,,,*
.P### #...#.....@.P###P....,,,,,*
##* #####.#..##### *#....,,,,,* *
*,#...## *###.,,,,** *** *#....#
******* ,,* **#.P###** ,,**
*..+.#**,*** ,,,* ***.....,,,,,**
,,****,,,,,,,,,,,,,*
,,**,,,*,,,,,,,,,,,*


You could see a water moccasin and a wyvern.

Vanquished Creatures
  A wraith (D:8)
  A basilisk (Lair:1)
  2 water moccasins
  A necrophage (D:4)
  A centaur (D:4)
  An ogre (D:4)
  A phantom (D:4)
  A kobold brigand (D:8)
  3 bullfrogs
  An orc priest (D:8)
  Ijyb (D:4)
  An orc wizard (D:8)
  8 gnolls (D:5)
  4 adders
  3 worms
  A dart slug (D:1)
  18 orcs
  3 bats
  6 endoplasms
  2 giant cockroaches
  12 goblins
  7 hobgoblins
  15 kobolds
  2 quokkas (D:3)
  6 ball pythons
  2 frilled lizards
  7 rats
111 creatures vanquished.

Vanquished Creatures (others)
  A fungus (Lair:1)
  2 plants
  6 toadstools (Lair:1)
9 creatures vanquished.

Grand Total: 120 creatures vanquished

Notes
Turn   | Place    | Note
-------+----------+-------------------------------------------
     0 | D:1      | Spaninq the Troll Earth Elementalist began the quest for
                  | the Orb.
     0 | D:1      | Reached XP level 1. HP: 16/16 MP: 1/1
   137 | D:1      | Reached skill level 1 in Unarmed Combat
   242 | D:1      | Reached XP level 2. HP: 26/26 MP: 2/2
   587 | D:2      | Reached skill level 1 in Fighting
   587 | D:2      | Reached skill level 2 in Unarmed Combat
   587 | D:2      | Reached XP level 3. HP: 33/33 MP: 3/3
  1052 | D:2      | You fall into a shaft and drop 2 floors!
  1088 | D:4      | Noticed a centaur
  1097 | D:4      | Killed a centaur
  1098 | D:4      | Reached skill level 3 in Unarmed Combat
  1098 | D:4      | Reached XP level 4. HP: 26/42 MP: 4/4
  1116 | D:4      | Found a blossoming altar of Fedhas.
  1145 | D:4      | Noticed a phantom
  1162 | D:4      | Killed a phantom
  1163 | D:4      | Reached skill level 4 in Unarmed Combat
  1163 | D:4      | Reached XP level 5. HP: 33/49 MP: 5/5
  1201 | D:4      | Found Biaxzeh's Gadget Gallery.
  1581 | D:3      | Found a stormy altar of Qazlal.
  2093 | D:4      | Noticed Ijyb
  2113 | D:4      | Killed Ijyb
  2217 | D:4      | Noticed a necrophage
  2225 | D:4      | Killed a necrophage
  2226 | D:4      | Reached skill level 5 in Unarmed Combat
  2226 | D:4      | Reached XP level 6. HP: 58/59 MP: 6/6
  2570 | D:4      | Found a snail-covered altar of Cheibriados.
  2642 | D:5      | Entered Level 5 of the Dungeon
  2701 | D:5      | Found Sujaasso's Serpentskin Sales.
  2954 | D:5      | Reached XP level 7. HP: 61/67 MP: 7/7
  2998 | D:5      | Identified the +4 hunting sling "Tiqilu" {freeze, Dex+5}
  3019 | D:5      | Reached skill level 6 in Unarmed Combat
  3062 | D:5      | Found an ornate altar of the Wu Jian Council.
  3062 | D:5      | You fall into a shaft and drop 3 floors!
  3089 | D:8      | Noticed a wraith
  3098 | D:8      | Found a staircase to the Lair.
  3166 | D:8      | Killed a wraith
  3232 | D:8      | Reached skill level 7 in Unarmed Combat
  3256 | D:8      | Noticed a two-headed ogre
  3257 | D:8      | Noticed a steam dragon
  3301 | Lair:1   | Entered Level 1 of the Lair of Beasts
  3317 | Lair:1   | Reached XP level 8. HP: 43/78 MP: 8/8
  3429 | Lair:1   | Reached skill level 8 in Unarmed Combat
  3444 | Lair:1   | Noticed a komodo dragon
  3477 | Lair:1   | Noticed a blink frog
  3478 | Lair:1   | Noticed a blink frog
  3478 | Lair:1   | Noticed a blink frog
  3479 | Lair:1   | Noticed a blink frog
  3686 | Lair:2   | HP: 2/79 [water moccasin (8)]
  3687 | Lair:2   | Slain by a water moccasin

Illustrated notes

Levels and vault maps discovered:
D:1:      lightli_arrival_windingriver, layout_rooms, serial_forest,
          infiniplex_forest_lined_room_, infiniplex_forest_corner_2,
          infiniplex_forest_end_1, infiniplex_forest_clump_curved,
          infiniplex_forest_straight_2, infiniplex_forest_clump_small,
          infiniplex_forest_lined_2, infiniplex_forest_lined_room_2
D:2:      layout_basic, kennysheep_generic_room_15
D:3:      layout_basic, nicolae_qazlal_eye_of_the_storm
D:4:      kennysheep_the_goblin_king, layout_basic,
          nicolae_overflow_hidden_temple, mainiacjoe_overflow_alcove_1,
          nicolae_shop_gadgets
D:5:      corexii_shantytown, layout_basic, nicolae_wu_jian_wuxing_cycle,
          lemuel_crystal_altar, guppyfry_shop_venom
D:8:      layout_rooms, lair_entry_dummy, grunt_ministairs_3, minmay_bent
Lair:1:   gammafunk_lair_enchanted_lake, layout_chaotic_city,
          infiniplex_staircase_pool
Lair:2:   layout_roguey, uniq_urug

Skill      XL: |  1  2  3  4  5  6  7  8 |
---------------+-------------------------+-----
Unarmed Combat | 1 2 3 4 5 7 8 |  8.4
Fighting       | 1 2 3 4 |  4.8
Dodging        | |  1.5
Stealth        | |  1.0
Spellcasting   | |  1.2
Transmutations | |  0.6
Earth Magic    | |  2.6

Action                   |  1- 3 |  4- 6 |  7- 9 || total
-------------------------+-------+-------+-------++-------
Melee: Unarmed           |    67 |   174 |   119 ||   360
       Punch             |       |     4 |     3 ||     7
 Fire: Hunting sling     |       |       |     2 ||     2
  Use: Scroll            |       |       |     8 ||     8
       Potion            |       |       |     1 ||     1
 Stab: Sleeping          |     2 |     5 |       ||     7
Armor: Robe              |    29 |    43 |    31 ||   103
Dodge: Dodged            |    29 |    72 |    39 ||   140
